Map: 莱瑞拉克之冠

Players

Quail

  • Race: Protoss Protoss
  • League: Diamond

镜音连 - Winner!

  • Race: Protoss Protoss
  • League: Diamond

VOD

Have the link to the VOD?

Description

Time

  • Played on: Dec. 5, 2015, 4:05 a.m.
  • Length: 11:13
Show
View Real Time Build Order
Export as new Build Order

Quail Protoss 

Build Orders: 1 Gate Expand, Blink Stalkers 

Get SALT Encoding   

  12  0:01  Probe (Chrono Boost)  
  13  0:11  Probe (Chrono Boost)  
  14  0:17  Pylon  
  14  0:22  Probe (Chrono Boost)  
  16  0:35  Probe (Chrono Boost)  
  16  0:36  Gateway  
  16  0:44  Assimilator  
  16  0:46  Probe (Chrono Boost)  
  17  0:56  Probe (Chrono Boost)  
  18  1:07  Probe (Chrono Boost)  
  19  1:17  Probe (Chrono Boost)  
  20  1:23  Cybernetics Core  
  20  1:35  Nexus  
  20  1:38  Probe (Chrono Boost)  
  21  1:46  Assimilator  
  21  1:52  Pylon  
  22  1:54  Probe (Chrono Boost)  
  22  2:04  Probe (Chrono Boost)  
  23  2:10  Stalker (Chrono Boost)  
  23  2:11  Warp Gate  
  23  2:15  Probe (Chrono Boost)  
  26  2:23  Pylon  
  26  2:32  Probe  
  27  2:40  Stalker (Chrono Boost)  
  29  2:45  Twilight Council  
  29  2:47  Probe  
  29  2:49  Probe  
  31  2:58  Probe  
  31  3:01  Probe  
  31  3:03  Gateway  
  33  3:11  Stalker (Chrono Boost)  
  35  3:15  Probe  
  35  3:17  Probe  
  37  3:27  Probe  
  37  3:29  Probe  
  39  3:35  Pylon  
  39  3:39  Probe, Blink (Chrono Boost)  
  39  3:40  Probe  
  41  3:49  Robotics Facility  
  41  3:53  Stalker  
  43  3:58  Probe  
  43  4:01  Mothership Core  
  46  4:10  Probe  
  46  4:15  Gateway x2  
  47  4:17  Stalker  
  47  4:22  Probe  
  46  4:28  Probe  
  45  4:34  Probe  
  45  4:36  Pylon  
  45  4:38  Probe, Observer (Chrono Boost)  
  47  4:45  Pylon  
  48  4:46  Probe  
  48  4:49  Probe  
  50  4:57  Observer (Chrono Boost)  
  50  4:59  Probe  
  49  5:00  Stalker x2  
  51  5:09  Probe  
  51  5:11  Probe  
  53  5:20  Probe  
  53  5:23  Probe  
  53  5:26  Pylon  
  55  5:30  Immortal (Chrono Boost), Probe  
  55  5:33  Pylon  
  60  5:39  Assimilator  
  60  5:41  Probe  
  60  5:42  Probe  
  62  5:44  Assimilator  
  62  5:50  Stalker  
  62  5:54  Probe  
  62  5:56  Stalker  
  63  6:11  Stargate  
  63  6:21  Forge  
  63  6:39  Probe  
  63  6:40  Probe  
  65  6:49  Probe, Pylon  
  65  6:52  Probe  
  67  6:56  Stargate  
  67  7:00  Probe, Nexus  
  67  7:04  Probe  
  69  7:16  Protoss Ground Armor Level 1  
  68  7:24  Stargate  
  68  7:27  Fleet Beacon  
  68  7:28  Templar Archives, Probe  
  68  7:30  Probe  
  68  7:34  Pylon  
  67  7:43  Stalker  
  69  7:46  Stalker  
  69  7:51  Probe  
  71  7:52  Probe  
  73  8:01  Probe  
  73  8:04  Probe  
  75  8:05  Photon Cannon  
  75  8:06  Psionic Storm  
  75  8:08  Pylon  
  75  8:09  High Templar  
  75  8:11  Pylon  
  77  8:17  Warp Prism (Chrono Boost)  
  79  8:21  High Templar  
  79  8:22  Probe  
  79  8:24  Probe  
  83  8:35  Pylon  
  83  8:37  Adept x2  
  83  8:41  Probe  
  87  8:42  Probe  
  87  8:47  Tempest  
  92  9:00  Adept x3  
  98  9:03  Probe x2  
  98  9:04  Probe  
  101  9:10  Assimilator  
  101  9:13  Probe x2  
  101  9:14  Assimilator  
  101  9:16  Probe  
  104  9:20  Tempest  
  108  9:27  Adept x3  
  114  9:43  Probe, Adept  
  114  9:44  Probe  
  115  9:59  Adept x3  
  85  10:12  Adept  
  75  10:21  Adept x3  
  75  10:23  Tempest (Chrono Boost)  
  75  10:27  Pylon  
  79  10:35  Adept  
  84  10:45  Pylon  
  84  10:48  Pylon  
  84  10:55  Adept  
  84  10:56  Adept x3  
Show
View Real Time Build Order
Export as new Build Order

镜音连 Protoss - Winner!

Build Orders: Oracle Opening 

Get SALT Encoding   

  12  0:02  Probe (Chrono Boost)  
  13  0:13  Probe (Chrono Boost)  
  14  0:25  Pylon  
  14  0:27  Probe (Chrono Boost)  
  15  0:38  Assimilator  
  15  0:48  Gateway  
  15  0:49  Probe (Chrono Boost)  
  16  1:00  Probe (Chrono Boost)  
  17  1:10  Probe (Chrono Boost)  
  18  1:11  Forge  
  18  1:21  Probe (Chrono Boost)  
  18  1:23  Pylon  
  19  1:31  Probe (Chrono Boost)  
  20  1:42  Probe (Chrono Boost)  
  20  1:43  Cybernetics Core  
  21  1:52  Probe (Chrono Boost)  
  22  2:12  Nexus  
  22  2:25  Pylon  
  22  2:32  Stargate, Assimilator  
  22  2:34  Probe (Chrono Boost)  
  23  2:45  Mothership Core (Chrono Boost)  
  24  2:53  Pylon  
  24  2:56  Pylon  
  24  3:03  Probe (Chrono Boost)  
  25  3:21  Probe  
  25  3:22  Probe  
  25  3:24  Oracle (Chrono Boost)  
  30  3:32  Probe, Assimilator  
  30  3:33  Probe  
  32  3:43  Probe  
  32  3:45  Probe, Photon Cannon  
  34  3:53  Probe  
  35  3:57  Oracle (Chrono Boost)  
  35  3:58  Probe  
  39  4:04  Probe  
  39  4:09  Photon Cannon  
  40  4:10  Probe  
  40  4:14  Probe  
  42  4:22  Probe  
  43  4:37  Robotics Facility  
  43  4:39  Probe, Warp Gate  
  43  4:41  Probe  
  45  4:50  Probe, Pylon  
  46  4:54  Pylon  
  46  4:58  Pylon  
  46  5:19  Void Ray (Chrono Boost)  
  50  5:28  Photon Cannon  
  50  5:30  Photon Cannon  
  50  5:32  Photon Cannon  
  50  5:36  Photon Cannon  
  50  5:38  Photon Cannon  
  50  5:39  Photon Cannon  
  50  5:41  Probe, Photon Cannon  
  51  6:00  Immortal (Chrono Boost)  
  55  6:11  Void Ray  
  59  6:20  Probe x2  
  61  6:32  Probe x2  
  63  6:35  Immortal (Chrono Boost)  
  67  6:46  Robotics Facility  
  67  6:48  Void Ray  
  67  6:52  Assimilator  
  71  7:09  Immortal (Chrono Boost)  
  75  7:17  Pylon  
  75  7:20  Pylon  
  75  7:25  Pylon  
  75  7:40  Void Ray  
  75  7:43  Immortal (Chrono Boost)  
  87  7:55  Immortal (Chrono Boost), Pylon  
  87  7:57  Gateway  
  87  7:59  Gateway  
  87  8:01  Gateway  
  87  8:04  Pylon  
  87  8:18  Immortal (Chrono Boost), Void Ray  
  95  8:34  Immortal (Chrono Boost)  
  99  8:38  Pylon  
  99  8:52  Observer (Chrono Boost)  
  99  8:55  Void Ray  
  104  9:02  Adept  
  104  9:03  Adept x3  
  115  9:10  Observer (Chrono Boost), Warp Prism (Chrono Boost)  
  115  9:29  Adept x2  
  115  9:30  Adept x2  
  113  10:01  Void Ray  
  97  10:16  Stalker  
  97  10:17  Stalker x3  
  97  10:41  Stalker x4  
  103  11:12  Stalker x3  
  103  11:13  Stalker  
Tags
 
Add a new tag
Caveats
  • Supply blocks, unpowered buildings, or Contaminate may cause inaccurate times.
  • Supply counts are checked every 10 seconds.